 Dungeon Crawl Stone Soup version 0.21-a0-186-g02e8684 (webtiles) character file.

89 truemonolith the Magician (level 4, -6/24 HPs)
             Began as a Deep Elf Conjurer on Aug 13, 2017.
             Was an Initiate of Vehumet.
             Killed by divine providence
             ... invoked by an orc priest
              (12 damage)
             ... on level 3 of the Dungeon.
             The game lasted 00:04:53 (2735 turns).

truemonolith the Magician (Deep Elf Conjurer)       Turns: 2735, Time: 00:04:54

Health: -6/24      AC:  3    Str:  5    XL:     4   Next: 31%
Magic:  11/14      EV: 13    Int: 21    God:    Vehumet [......]
Gold:   161        SH:  0    Dex: 15    Spells: 14/15 levels left

rFire    . . .     SeeInvis .   (no weapon)
rCold    . . .     Gourm    .   (no shield)
rNeg     . . .     Faith    .   a - +0 robe
rPois    .         Spirit   .   h - -1 helmet (curse)
rElec    .         Reflect  .   (no cloak)
rCorr    .         Harm     .   (no gloves)
MR       .....                  g - +0 pair of boots
Stlth    ++........             (no amulet)
HPRegen  0.08/turn              (no ring)
MPRegen  0.14/turn              (no ring)

@: no status effects
A: no striking features
a: Renounce Religion


You were on level 3 of the Dungeon.
You worshipped Vehumet.
Vehumet was noncommittal.
You were not hungry.

You visited 1 branch of the dungeon, and saw 3 of its levels.

You collected 161 gold pieces.

Inventory:

Armour
 a - a +0 robe (worn)
 g - a +0 pair of boots (worn)
 h - a cursed -1 helmet (worn)
 n - a +0 buckler
Scrolls
 d - a scroll of amnesia {unknown}
 e - 5 scrolls of teleportation {unknown}
 i - 3 scrolls of remove curse {unknown}
 j - a scroll of identify {unknown}
 k - a scroll of noise {unknown}
 o - a scroll of enchant armour {unknown}
 p - a scroll of immolation {unknown}
Potions
 m - 4 potions of curing {unknown}
Books
 b - a book of Conjurations

   Spells                             Type                      Level
   a - Magic Dart                     Conjuration                  1
   b - Searing Ray                    Conjuration                  2
   c - Dazzling Spray                 Conjuration/Hexes            3
   d - Fulminant Prism                Conjuration/Hexes            4
   e - Force Lance                    Conjuration/Translocation    4
   f - Iskenderun's Mystic Blast      Conjuration                  4
Comestibles
 c - 2 bread rations
 f - 2 royal jellies
 l - 2 meat rations
 q - 2 chunks of flesh


   Skills:
 - Level 2.4 Dodging
 - Level 2.4 Stealth
 + Level 6.3 Spellcasting
 - Level 4.3 Conjurations


You had 14 spell levels left.
You knew the following spells:

 Your Spells              Type           Power        Failure   Level  Hunger
a - Magic Dart            Conj           ####         1%          1    None


Dungeon Overview and Level Annotations

Branches:
Dungeon (3/15)

Altars:
Ashenzari
Vehumet

Annotations:
D:3 2 transporters


Message History

Aim: an adder (severely wounded)
The magic dart hits the adder.
The adder is severely wounded.
The adder bites you but does no damage.
Casting: Magic Dart
Confirm with . or Enter, or press ? or * to list all spells.
Aiming: Magic Dart
Press: ? - help, Shift-Dir - straight line, f/p - adder
Aim: an adder (severely wounded)
The magic dart hits the adder.
You kill the adder!
Vehumet accepts your kill.
The orc priest invokes the aid of Beogh against you.
Beogh smites you!
* * * LOW HITPOINT WARNING * * *
The orc priest casts a cantrip, but nothing happens.
The orc priest invokes the aid of Beogh against you.
Beogh smites you!
Ouch! That really hurt!
You die...

#†.........#
#####.#..o.# #......###
#..##.#### #.†#.....#
#...o....# #........#
#..####### #.@##
#.######## ##
####...###......... ..
#.....[......##########
..##.#.......#8P#;;≈≈≈≈
...........#..#......
..#..#....<.©#©)+...⌠..
. #..#..##...#..#[.....
..........#.#8P#;≈≈≈≈≈
.####..####.##########


You could see an orc priest and an orc.

Vanquished Creatures
  3 adders
  2 worms (D:2)
  2 dart slugs (D:2)
  2 leopard geckos
  2 orcs (D:3)
  7 bats
  3 giant cockroaches
  7 goblins
  4 hobgoblins (D:2)
  5 kobolds
  4 frilled lizards
  8 rats
49 creatures vanquished.

Notes
Turn   | Place    | Note
-------+----------+-------------------------------------------
     0 | D:1      | truemonolith the Deep Elf Conjurer began the quest for the Orb.
     0 | D:1      | Reached XP level 1. HP: 10/10 MP: 6/6
   389 | D:1      | Found a shattered altar of Ashenzari.
   476 | D:1      | Reached XP level 2. HP: 15/15 MP: 6/8
   652 | D:1      | Reached skill level 4 in Spellcasting
  1481 | D:2      | Reached XP level 3. HP: 19/19 MP: 6/11
  1648 | D:2      | Reached skill level 5 in Spellcasting
  2329 | D:3      | Found a radiant altar of Vehumet.
  2359 | D:3      | Became a worshipper of Vehumet
  2476 | D:3      | Found a transporter.
  2561 | D:3      | Found a transporter.
  2637 | D:3      | Reached XP level 4. HP: 24/24 MP: 11/13
  2665 | D:3      | Reached skill level 6 in Spellcasting
  2735 | D:3      | Killed from afar by an orc priest

Vault maps used:
D:1:      arrival_zaba_pyramid, evilmike_ruin_ashenzari
D:3:      gammafunk_steamed_eel, old_standard_altar, first_bread

Skill      XL: |  1  2  3  4 |
---------------+-------------+-----
Spellcasting   | 4 5 6 |  6.3
Dodging        | |  2.4
Stealth        | |  2.4
Conjurations   | |  4.3

Action                   |  1- 3 |  4- 6 || total
-------------------------+-------+-------++-------
Melee: Unarmed           |     3 |       ||     3
 Cast: Magic Dart        |    92 |    11 ||   103
  Eat: Chunk             |     3 |       ||     3
       Bread ration      |     1 |       ||     1
Armor: Robe              |     8 |     2 ||    10
Dodge: Dodged            |    29 |     1 ||    30
